 Dungeon Crawl Stone Soup version 0.24.0-123-gd5b16e6ec5 (webtiles) character file.

Game seed: 17624715869700237518, levelgen mode: deterministic

893 FishyPogo the Ducker (level 8, -1/63 HPs)
             Began as a Gnoll Gladiator on Jan 12, 2020.
             Was a Follower of the Shining One.
             Slain by a centaur (6 damage)
             ... on level 5 of the Dungeon on Jan 13, 2020.
             The game lasted 00:10:48 (3092 turns).

FishyPogo the Ducker (Gnoll Gladiator)              Turns: 3092, Time: 00:10:49

Health: -1/63      AC:  4    Str: 18    XL:     8   Next: 6%
Magic:  12/12      EV: 17    Int: 12    God:    the Shining One [*.....]
Gold:   334        SH:  0    Dex: 16    Spells: 12/12 levels left

rFire    . . .     SeeInvis +   a - +4 short sword
rCold    . . .     Gourm    .   (no shield)
rNeg     . . .     Faith    .   B - +0 robe (curse)
rPois    .         Spirit   .   p - +1 helmet
rElec    .         Reflect  .   (no cloak)
rCorr    +         Harm     .   (no gloves)
MR       .....                  (no boots)
Stlth    +.........             (no amulet)
HPRegen  0.20/turn              k - ring of resist corrosion
MPRegen  0.13/turn              C - ring of see invisible

@: glowing
A: distributed training, fangs 1, strong nose
a: Renounce Religion


You were on level 5 of the Dungeon.
You worshipped the Shining One.
The Shining One was aware of your devotion.
You were hungry.

You visited 2 branches of the dungeon, and saw 7 of its levels.

You collected 334 gold pieces.

Inventory:

Hand Weapons
 a - a +4 short sword (weapon)
Missiles
 d - 3 throwing nets
 e - 94 stones (quivered)
Armour
 b - a +0 leather armour
 p - a +1 helmet (worn)
 B - a cursed +0 robe (worn)
Jewellery
 k - a ring of resist corrosion (left hand)
 A - an uncursed ring of flight
 C - a ring of see invisible (right hand)
Wands
 x - a wand of digging (1)
 y - a wand of random effects (24)
 F - a wand of iceblast (10)
Scrolls
 i - 5 scrolls of identify {unknown}
 j - 3 scrolls of remove curse {unknown}
 l - a scroll of enchant armour {unknown}
 m - a scroll of noise {unknown}
 n - a scroll of enchant weapon {unknown}
 s - a scroll of magic mapping {unknown}
 u - a scroll of immolation {unknown}
 v - a scroll of amnesia {unknown}
 w - a scroll of fog {unknown}
 E - a scroll of brand weapon {unknown}
Potions
 g - a potion of magic
 h - 2 potions of curing {unknown}
 o - a potion of invisibility {unknown}
 q - a potion of agility {unknown}
 r - 2 potions of degeneration {unknown}
 t - a potion of flight {unknown}
 z - a potion of mutation {unknown}
Comestibles
 f - 14 rations


   Skills:
 + Level 5.4 Fighting
 + Level 2.8 Short Blades
 + Level 7.2 Long Blades
 + Level 2.8 Axes
 + Level 2.8 Maces & Flails
 + Level 2.8 Polearms
 + Level 2.8 Staves
 + Level 2.8 Slings
 + Level 2.8 Bows
 + Level 2.8 Crossbows
 + Level 5.4 Throwing
 + Level 2.8 Armour
 + Level 7.2 Dodging
 + Level 2.8 Stealth
 + Level 2.8 Shields
 + Level 2.8 Unarmed Combat
 + Level 2.8 Spellcasting
 + Level 2.3 Conjurations
 + Level 2.3 Hexes
 + Level 2.3 Charms
 + Level 2.3 Summonings
 + Level 2.3 Necromancy
 + Level 2.3 Translocations
 + Level 2.3 Transmutations
 + Level 2.3 Fire Magic
 + Level 2.3 Ice Magic
 + Level 2.3 Air Magic
 + Level 2.3 Earth Magic
 + Level 2.3 Poison Magic
 + Level 3.1 Invocations
 + Level 2.8 Evocations


You had 12 spell levels left.
You didn't know any spells.
Your spell library was empty.

Dungeon Overview and Level Annotations

Branches:
Dungeon (6/15)             Temple (1/1) D:5

Altars:
Elyvilon
Gozag
Qazlal
Uskayaw
Vehumet
The Shining One

Shops:
D:4 }   D:6 ?


Innate Abilities, Weirdness & Mutations

Your experience applies equally to all skills.
You have very sharp teeth.
Your uncanny sense of smell can sniff out nearby items.


Message History

The centaur shoots an arrow.
The arrow completely misses you.
The bullfrog hits you but does no damage.
The centaur shoots an arrow.
The arrow misses you.
The centaur shoots an arrow.
The arrow hits you!
* * * LOW HITPOINT WARNING * * *
You see here an arrow.
The centaur unwields a +0 shortbow.
The centaur hits you.
* * * LOW HITPOINT WARNING * * *
The bullfrog barely misses you.
There is a stone staircase leading up here.
You are feeling hungry.
The centaur barely misses you. The bullfrog hits you.
* * * LOW HITPOINT WARNING * * *
The centaur misses you. The bullfrog hits you.
* * * LOW HITPOINT WARNING * * *
You climb upwards.
There is a stone staircase leading down here.
It was a potion of magic.
Magic courses through your body. The bullfrog barely misses you.
The centaur hits you.
You die...

......<....#.###.##
........####..#..#
.......##.......####
.......#..#####....#
######.#.## ####.###
#...# #......# # ##..#
#......# ## ###...#
#......#
.###....#######c@....#
................F....#
.........≈≈≈≈≈......##
.......≈≈≈≈≈≈≈≈≈....#
.....≈≈≈≈≈≈≈≈≈≈≈≈≈..#
....≈≈≈≈≈≈≈≈≈≈≈≈≈≈≈.#
###.≈≈≈≈≈≈...≈≈≈≈≈≈.##
#[)..[....>.≈≈≈≈≈≈..#
##.[≈≈≈≈≈≈...≈≈≈≈≈≈.##


You could see a bullfrog and a centaur.

Vanquished Creatures
  A phantom (D:5)
  2 ogres (D:5)
  2 bullfrogs
  A howler monkey (D:6)
  A crimson imp (D:5)
  An orc priest (D:5)
  Jessica (D:2)
  An iguana (D:5)
  4 worker ants
  2 hound skeletons
  A worker ant zombie (D:5)
  Robin (D:3)
  3 gnolls (D:3)
  6 adders
  6 worms
  5 dart slugs
  A leopard gecko (D:5)
  6 orcs (D:5)
  2 ball pythons
  3 giant cockroaches
  7 hobgoblins
  17 jackals
  A quokka (D:5)
  6 bats
  2 frilled lizards
  12 goblins
  A jackal skeleton (D:5)
  7 kobolds
  A leopard gecko skeleton (D:4)
  8 rats
112 creatures vanquished.

Notes
Turn   | Place    | Note
-------+----------+-------------------------------------------
     0 | D:1      | FishyPogo the Gnoll Gladiator began the quest for the Orb.
     0 | D:1      | Reached XP level 1. HP: 20/20 MP: 1/1
    49 | D:1      | Reached XP level 2. HP: 25/26 MP: 2/2
   377 | D:2      | Reached XP level 3. HP: 31/31 MP: 3/3
   493 | D:2      | Noticed Jessica
   509 | D:2      | Killed Jessica
   509 | D:2      | Reached skill level 1 in Short Blades
   509 | D:2      | Reached skill level 1 in Axes
   509 | D:2      | Reached skill level 1 in Maces & Flails
   509 | D:2      | Reached skill level 1 in Polearms
   509 | D:2      | Reached skill level 1 in Staves
   509 | D:2      | Reached skill level 1 in Slings
   509 | D:2      | Reached skill level 1 in Bows
   509 | D:2      | Reached skill level 1 in Crossbows
   509 | D:2      | Reached skill level 1 in Armour
   509 | D:2      | Reached skill level 1 in Stealth
   509 | D:2      | Reached skill level 1 in Shields
   509 | D:2      | Reached skill level 1 in Unarmed Combat
   509 | D:2      | Reached skill level 1 in Spellcasting
   509 | D:2      | Reached skill level 1 in Invocations
   509 | D:2      | Reached skill level 1 in Evocations
   509 | D:2      | Reached XP level 4. HP: 32/38 MP: 3/5
   579 | D:2      | Reached skill level 1 in Conjurations
   579 | D:2      | Reached skill level 1 in Hexes
   579 | D:2      | Reached skill level 1 in Charms
   579 | D:2      | Reached skill level 1 in Summonings
   579 | D:2      | Reached skill level 1 in Necromancy
   579 | D:2      | Reached skill level 1 in Translocations
   579 | D:2      | Reached skill level 1 in Transmutations
   579 | D:2      | Reached skill level 1 in Fire Magic
   579 | D:2      | Reached skill level 1 in Ice Magic
   579 | D:2      | Reached skill level 1 in Air Magic
   579 | D:2      | Reached skill level 1 in Earth Magic
   579 | D:2      | Reached skill level 1 in Poison Magic
   987 | D:3      | Reached XP level 5. HP: 36/43 MP: 6/6
  1049 | D:3      | Noticed Robin
  1085 | D:3      | Killed Robin
  1197 | D:3      | Found a radiant altar of Vehumet.
  1820 | D:4      | Reached XP level 6. HP: 43/50 MP: 8/8
  2020 | D:4      | Found Fioruibo's Gadget Shop.
  2159 | D:5      | Entered Level 5 of the Dungeon
  2168 | D:4      | Reached skill level 5 in Fighting
  2168 | D:4      | Reached skill level 5 in Throwing
  2193 | D:5      | Noticed a phantom
  2229 | D:5      | Killed a phantom
  2264 | D:5      | Found a glowing golden altar of the Shining One.
  2292 | D:5      | Became a worshipper of the Shining One
  2324 | D:5      | Noticed a water elemental
  2326 | D:5      | Found a stormy altar of Qazlal.
  2327 | D:5      | Noticed a fire elemental
  2327 | D:5      | Noticed an air elemental
  2360 | D:5      | Reached XP level 7. HP: 36/56 MP: 10/10
  2505 | D:5      | Found a staircase to the Ecumenical Temple.
  2691 | Temple   | Entered the Ecumenical Temple
  3029 | D:5      | Reached XP level 8. HP: 63/63 MP: 12/12
  3065 | D:6      | Found Robru's Magic Scroll Boutique.
  3071 | D:6      | Reached * piety under the Shining One
  3092 | D:5      | Slain by a centaur

Levels and vault maps discovered:
D:1:      eino_arrival_water_cross, layout_rooms, minmay_misc_feat_tower
D:2:      minmay_recursive_quarters, layout_rooms, uniq_jessica
D:3:      layout_loops_corners, vehumet_crystals, uniq_robin
D:4:      layout_rooms, serial_shops, kennysheep_little_box
D:5:      layout_rooms, nicolae_qazlal_style_of_elements, lemuel_round_altar,
          temple_pool_b, first_ration
D:6:      layout_rooms, lemuel_crystal_altar, marbit_many_paths,
          trog_eyes_of_draining, gammafunk_ghost_split, serial_shops,
          shop_statue, grunt_decor_cap
Temple:   cyrus_circular_temple

Skill      XL: |  1  2  3  4  5  6  7 |
---------------+----------------------+-----
Short Blades   | 1 2 |  2.8
Axes           | 1 2 |  2.8
Maces & Flails | 1 2 |  2.8
Polearms       | 1 2 |  2.8
Staves         | 1 2 |  2.8
Slings         | 1 2 |  2.8
Bows           | 1 2 |  2.8
Crossbows      | 1 2 |  2.8
Armour         | 1 2 |  2.8
Stealth        | 1 2 |  2.8
Shields        | 1 2 |  2.8
Unarmed Combat | 1 2 |  2.8
Spellcasting   | 1 2 |  2.8
Invocations    | 1 2 3 |  3.1
Evocations     | 1 2 |  2.8
Conjurations   | 1 2 |  2.3
Hexes          | 1 2 |  2.3
Charms         | 1 2 |  2.3
Summonings     | 1 2 |  2.3
Necromancy     | 1 2 |  2.3
Translocations | 1 2 |  2.3
Transmutations | 1 2 |  2.3
Fire Magic     | 1 2 |  2.3
Ice Magic      | 1 2 |  2.3
Air Magic      | 1 2 |  2.3
Earth Magic    | 1 2 |  2.3
Poison Magic   | 1 2 |  2.3
Fighting       | 5 |  5.4
Throwing       | 5 |  5.4
Long Blades    | 7 |  7.2
Dodging        | 7 |  7.2

Action                   |  1- 3 |  4- 6 |  7- 9 || total
-------------------------+-------+-------+-------++-------
Melee: Long sword        |    54 |    20 |       ||    74
       Bite              |     7 |    28 |     8 ||    43
       Short sword       |       |   155 |   113 ||   268
       Punch             |       |     2 |     1 ||     3
Throw: Stone             |       |     8 |    12 ||    20
  Use: Potion            |       |       |     1 ||     1
 Stab: Sleeping          |     1 |     2 |       ||     3
       Distracted        |       |     1 |       ||     1
  Eat: Chunk             |       |     5 |     2 ||     7
Armor: Leather armour    |    10 |    21 |       ||    31
       Robe              |       |     7 |    15 ||    22
       Skin              |       |     1 |       ||     1
Dodge: Dodged            |    50 |   138 |   102 ||   290
       Rpst.: Long sword |    17 |    16 |       ||    33
